[Event "Western Asian Girls Chess-ch 2023"]
[Site "Colombo"]
[Date "2023.12.04"]
[Round "8.4"]
[White "Shohradova, Lala"]
[Black "Pallie, Ehsha Mishela"]
[Result "1-0"]
[ECO "E17"]
[WhiteElo "1846"]
[BlackElo "1569"]
[Annotator "NA RC"]
[PlyCount "111"]
[EventDate "2023.11.30"]
[EventCountry "SRI"]
[SourceTitle "playchess.com"]
[Source "ChessBase"]
[SourceQuality "1"]
[TimeControl "5400+30"]

1. d4 Nf6 2. c4 e6 3. Nf3 d5 4. g3 Be7 5. Bg2 O-O 6. O-O Nbd7 7. Nbd2 b6 8. b3 Bb7 9. Bb2 Ne4 10. Rc1 a5 11. Qc2 Rc8 12. cxd5 Nxd2 13. Qxd2 exd5 14. Ne5 Nxe5 15. dxe5 Bb4 16. Qc2 c6 17. e4 Qe7 18. exd5 cxd5 19. Qd3 Rxc1 20. Rxc1 Rd8 21. Bd4 Bc5 22. Bxc5 bxc5 23. Qb5 Rc8 24. Qxa5 h6 25. Qb5 Ba8 26. Bh3 Rd8 27. Qxc5 Qxe5 28. Bg2 Qb2 29. Qc2 Qa3 30. Rd1 d4 31. Bxa8 Qxa8 32. a4 Qd5 33. Rd3 Re8 34. Qd1 Qa5 35. Kg2 Re1 36. Qf3 Qc5 37. Rd2 Rc1 38. Qe4 Rc3 39. Rxd4 g6 40. Rc4 Rxc4 41. Qxc4 Qe5 42. b4 g5 43. a5 h5 44. a6 Qb8 45. b5 Qa8+ 46. Qc6 Qa7 47. Qb7 Qxb7+ 48. axb7 Kg7 49. b8=Q Kh7 50. b6 Kg7 51. b7 Kh7 52. Qf8 Kg6 53. b8=Q Kf6 54. Qbd6+ Kf5 55. Qxf7+ Ke4 56. Qf3# 1-0

[Event "Western Asian Girls Chess-ch 2023"]
[Site "Colombo"]
[Date "2023.12.04"]
[Round "8.5"]
[White "Gunasekara, K P K Hesara"]
[Black "Bayrambayeva, Ogulsuray"]
[Result "0-1"]
[ECO "C18"]
[WhiteElo "1352"]
[BlackElo "1909"]
[Annotator "NA RC"]
[PlyCount "37"]
[EventDate "2023.11.30"]
[EventCountry "SRI"]
[SourceTitle "playchess.com"]
[Source "ChessBase"]
[SourceQuality "1"]
[TimeControl "5400+30"]

1. e4 e6 2. d4 d5 3. Nc3 Bb4 4. e5 c5 5. a3 Bxc3+ 6. bxc3 Ne7 7. Qg4 cxd4 8. Qxg7 Rg8 9. Qxh7 dxc3 10. h4 Nbc6 11. f4 Nd4 12. Rh3 Qc7 13. Be3 Ndf5 14. Bf2 Bd7 15. Qh5 O-O-O 16. Qf3 d4 17. g4 Bc6 18. Qe2 Nh6 19. Rg3 0-1

[Event "Western Asian Girls Chess-ch 2023"]
[Site "Colombo"]
[Date "2023.12.04"]
[Round "8.6"]
[White "Sasvatha A"]
[Black "Gamage, Desandhi Dhihansa"]
[Result "1-0"]
[ECO "D02"]
[WhiteElo "1568"]
[BlackElo "1608"]
[Annotator "NA RC"]
[PlyCount "133"]
[EventDate "2023.11.30"]
[EventCountry "SRI"]
[SourceTitle "playchess.com"]
[Source "ChessBase"]
[SourceQuality "1"]
[TimeControl "5400+30"]

1. d4 Nf6 2. Nf3 e6 3. Bf4 d5 4. e3 Bd6 5. Bxd6 Qxd6 6. c3 Nbd7 7. Nbd2 O-O 8. Bd3 e5 9. dxe5 Nxe5 10. Nxe5 Qxe5 11. Nf3 Qd6 12. Be2 Ne4 13. O-O Be6 14. Qc2 Qe7 15. c4 Bf5 16. Bd3 dxc4 17. Qxc4 Rad8 18. Rfd1 Rfe8 19. Bxe4 Bxe4 20. Ne1 Bc6 21. Qb3 Rxd1 22. Rxd1 Rd8 23. Rxd8+ Qxd8 24. Qd3 Qd5 25. Qxd5 Bxd5 26. b3 a5 27. Nd3 Kf8 28. f3 Ke7 29. e4 Bc6 30. Kf2 Kd6 31. Ke3 Bb5 32. Nb2 Kc5 33. a3 Bd7 34. Kd3 b5 35. Ke3 Kb6 36. b4 axb4 37. axb4 c5 38. bxc5+ Kxc5 39. Nd3+ Kb6 40. Kd4 Ka5 41. Kc5 Be6 42. Nb4 Bc4 43. g3 Be2 44. f4 Bf3 45. e5 Bg4 46. Nc2 Ka4 47. Nb4 g6 48. Nd5 h5 49. Nc3+ Kb3 50. Nxb5 Kc2 51. Kd6 h4 52. Ke7 hxg3 53. hxg3 Be6 54. Nd4+ Kd3 55. Nxe6 fxe6 56. Kxe6 g5 57. fxg5 Ke4 58. g6 Kd4 59. g7 Kc4 60. g8=Q Kc5 61. Qd8 Kc6 62. Qd5+ Kc7 63. Qd6+ Kc8 64. Qd7+ Kb8 65. Kd6 Ka8 66. Kc6 Kb8 67. Qb7# 1-0

[Event "Western Asian Girls Chess-ch 2023"]
[Site "Colombo"]
[Date "2023.12.04"]
[Round "8.7"]
[White "Rathnayake, R M Dulinma Hemalni"]
[Black "Newansa, M Esandi"]
[Result "1-0"]
[ECO "B15"]
[WhiteElo "1532"]
[BlackElo "1531"]
[Annotator "NA RC"]
[PlyCount "118"]
[EventDate "2023.11.30"]
[EventCountry "SRI"]
[SourceTitle "playchess.com"]
[Source "ChessBase"]
[SourceQuality "1"]
[TimeControl "5400+30"]

1. e4 c6 2. d4 d5 3. Nc3 dxe4 4. Nxe4 Nf6 5. Nxf6+ exf6 6. Be3 Bd6 7. Bd3 O-O 8. Nf3 Bg4 9. O-O Re8 10. h3 Bh5 11. c4 Nd7 12. Be2 Bb8 13. Qd2 Nb6 14. Rac1 f5 15. Rfe1 Bc7 16. b3 Qe7 17. Bf4 Bxf4 18. Qxf4 Qf6 19. Ne5 Bxe2 20. Rxe2 Rad8 21. Rce1 Re6 22. Nf3 Rxe2 23. Rxe2 g6 24. Qc7 Nc8 25. Qxb7 Kg7 26. Qc7 g5 27. Qe5 Qxe5 28. Rxe5 Kf6 29. g4 Ne7 30. Ra5 Rd7 31. Kf1 h6 32. Ke2 fxg4 33. hxg4 Ng6 34. Ra6 Nf4+ 35. Kd2 Re7 36. Rxc6+ Kg7 37. Ng1 Rd7 38. d5 Ng6 39. Nf3 Kf8 40. d6 Ne7 41. Ne5 Rd8 42. Ra6 f6 43. Nd3 Nc8 44. c5 Kf7 45. Ra4 Ke6 46. Rd4 f5 47. f3 Rd7 48. Nb4 fxg4 49. fxg4 Ke5 50. Nc6+ Ke6 51. Nb8 Rd8 52. d7 Ne7 53. c6 Rxb8 54. c7 Nc6 55. cxb8=Q Nxb8 56. d8=Q Nc6 57. Re4+ Kf7 58. Qe8+ Kg7 59. Qd7+ Kf6 1-0

[Event "Western Asian Girls Chess-ch 2023"]
[Site "Colombo"]
[Date "2023.12.04"]
[Round "8.8"]
[White "Ekaratne, Chenaya"]
[Black "Ahmed, Walijah"]
[Result "0-1"]
[ECO "D10"]
[WhiteElo "1217"]
[BlackElo "1858"]
[Annotator "NA RC"]
[PlyCount "147"]
[EventDate "2023.11.30"]
[EventCountry "SRI"]
[SourceTitle "playchess.com"]
[Source "ChessBase"]
[SourceQuality "1"]
[TimeControl "5400+30"]

1. d4 d5 2. c4 dxc4 3. e4 b5 4. Nc3 c6 5. a4 b4 6. Na2 e5 7. Nf3 exd4 8. Bxc4 Nd7 9. Nxd4 Ne5 10. Be2 c5 11. Nf3 Qxd1+ 12. Kxd1 Nxf3 13. Bxf3 Be6 14. Be3 Rd8+ 15. Ke1 Nf6 16. h3 Be7 17. g3 Bc4 18. Nc1 O-O 19. g4 Nd7 20. Be2 Be6 21. Nd3 a5 22. Kf1 g5 23. Kg2 c4 24. Ne1 Bf6 25. Rb1 h6 26. Nf3 Rc8 27. Bd4 Bxd4 28. Nxd4 Nc5 29. Nxe6 Nxe6 30. Rbc1 c3 31. bxc3 bxc3 32. Rhd1 Nf4+ 33. Kf1 Rc5 34. Ke1 Rfc8 35. Bf1 Kg7 36. f3 Rb8 37. Rc2 Rb4 38. Rdc1 Rb3 39. Kf2 Ra3 40. Ke3 Kf6 41. h4 Ke5 42. hxg5 hxg5 43. Bb5 Rb3 44. Ba6 Ne6 45. Kd3 Nd4 46. Bc4 Rxc4 47. Kxc4 Rb4+ 48. Kc5 Nxc2 49. Rxc2 Rxa4 50. Rxc3 Ra1 51. Kb5 Kf4 52. Rc7 Kxf3 53. Rxf7+ Kxg4 54. e5 Re1 55. Kxa5 Rxe5+ 56. Kb4 Rd5 57. Kc4 Rd1 58. Rg7 Kf4 59. Rf7+ Kg3 60. Rg7 g4 61. Kc3 Kf3 62. Rf7+ Kg2 63. Rg7 g3 64. Rg8 Kf2 65. Rf8+ Kg1 66. Rg8 g2 67. Kc4 Kf2 68. Rf8+ Ke3 69. Re8+ Kf4 70. Rf8+ Ke5 71. Re8+ Kf6 72. Rg8 g1=Q 73. Rxg1 Rxg1 74. Kd4 0-1

[Event "Western Asian Girls Chess-ch 2023"]
[Site "Colombo"]
[Date "2023.12.05"]
[Round "9.1"]
[White "Sultanbek, Zeinep"]
[Black "Sasvatha A"]
[Result "1/2-1/2"]
[ECO "D11"]
[WhiteElo "2008"]
[BlackElo "1568"]
[Annotator "NA RC"]
[PlyCount "31"]
[EventDate "2023.11.30"]
[EventCountry "SRI"]
[SourceTitle "playchess.com"]
[Source "ChessBase"]
[SourceQuality "1"]
[TimeControl "5400+30"]

1. c4 Nf6 2. g3 c6 3. d4 d5 4. Nf3 Bf5 5. Qb3 Qb6 6. Nc3 e6 7. c5 Qc7 8. Bf4 Qc8 9. Nh4 Bg6 10. Nxg6 hxg6 11. Bg2 Nbd7 12. Be3 Nb8 13. Bf4 Nbd7 14. Be3 Nb8 15. Bf4 Nbd7 16. Be3 1/2-1/2

[Event "Western Asian Girls Chess-ch 2023"]
[Site "Colombo"]
[Date "2023.12.05"]
[Round "9.2"]
[White "Bayrambayeva, Ogulsuray"]
[Black "Rindhiya V"]
[Result "1-0"]
[ECO "E16"]
[WhiteElo "1909"]
[BlackElo "1876"]
[Annotator "NA RC"]
[PlyCount "93"]
[EventDate "2023.11.30"]
[EventCountry "SRI"]
[SourceTitle "playchess.com"]
[Source "ChessBase"]
[SourceQuality "1"]
[TimeControl "5400+30"]

1. d4 Nf6 2. c4 e6 3. Nf3 Bb4+ 4. Nbd2 b6 5. g3 Bb7 6. Bg2 Bxd2+ 7. Bxd2 O-O 8. O-O d6 9. b3 Nbd7 10. Rc1 e5 11. dxe5 dxe5 12. Bc3 Re8 13. Re1 c6 14. Nh4 Nc5 15. Qc2 Qc7 16. b4 Ncd7 17. Red1 c5 18. Bxb7 Qxb7 19. b5 g6 20. Rd6 Re7 21. Rcd1 Ne8 22. R6d2 Ng7 23. Qb2 Ne6 24. Rd5 f6 25. Ng2 Ndf8 26. Rd6 Qe4 27. Ne3 Ng5 28. Ng2 Qxc4 29. Rxf6 Ne4 30. Rf3 Ne6 31. Bxe5 N6g5 32. Ne3 Nxf3+ 33. exf3 Qe6 34. Bf4 g5 35. fxe4 gxf4 36. Nf5 Rd7 37. Rxd7 Qxd7 38. Nh6+ Kf8 39. Qh8+ Ke7 40. Qxa8 f3 41. Nf5+ Kf7 42. Qd5+ Qxd5 43. exd5 Kf6 44. Ne3 Ke5 45. Kf1 c4 46. Ke1 c3 47. Kd1 1-0

[Event "Western Asian Girls Chess-ch 2023"]
[Site "Colombo"]
[Date "2023.12.05"]
[Round "9.3"]
[White "Sachi Jain"]
[Black "Gunawardhana, Devindya Oshini"]
[Result "0-1"]
[ECO "C54"]
[WhiteElo "1743"]
[BlackElo "1741"]
[Annotator "NA RC"]
[PlyCount "58"]
[EventDate "2023.11.30"]
[EventCountry "SRI"]
[SourceTitle "playchess.com"]
[Source "ChessBase"]
[SourceQuality "1"]
[TimeControl "5400+30"]

1. e4 e5 2. Nf3 Nc6 3. Bc4 Nf6 4. d3 Bc5 5. c3 d6 6. Nbd2 O-O 7. O-O a6 8. Bb3 h6 9. Re1 Ba7 10. Nf1 Re8 11. Ng3 Be6 12. Bc2 d5 13. exd5 Bxd5 14. b4 Qd7 15. a4 b5 16. Be3 Bxe3 17. fxe3 Bxf3 18. Qxf3 e4 19. Qf5 Qxf5 20. Nxf5 exd3 21. axb5 Ne5 22. Ba4 axb5 23. Bxb5 Rxa1 24. Rxa1 c6 25. Ba4 Ra8 26. Kf1 Ne4 27. Ra3 Nc4 28. Ra1 d2 29. Ke2 Rxa4 0-1

[Event "Western Asian Girls Chess-ch 2023"]
[Site "Colombo"]
[Date "2023.12.05"]
[Round "9.4"]
[White "Bhagyashree Patil"]
[Black "Shohradova, Lala"]
[Result "0-1"]
[ECO "C07"]
[WhiteElo "1830"]
[BlackElo "1846"]
[Annotator "NA RC"]
[PlyCount "111"]
[EventDate "2023.11.30"]
[EventCountry "SRI"]
[SourceTitle "playchess.com"]
[Source "ChessBase"]
[SourceQuality "1"]
[TimeControl "5400+30"]

1. e4 e6 2. d4 d5 3. Nd2 c5 4. exd5 Qxd5 5. Ngf3 cxd4 6. Bc4 Qd6 7. O-O Nf6 8. Nb3 Nc6 9. Nbxd4 Nxd4 10. Nxd4 Bd7 11. h3 Be7 12. c3 O-O 13. Bb3 Rfd8 14. Qf3 a5 15. Re1 a4 16. Bc2 Nd5 17. Bd2 Bf6 18. Rad1 Qb6 19. Bc1 a3 20. bxa3 Rac8 21. Qd3 g6 22. c4 Ne7 23. Bb3 Be8 24. Be3 Qd6 25. Qe4 Qa6 26. Bc1 e5 27. Nc2 Bc6 28. Qe2 Nf5 29. Bb2 Re8 30. Nb4 Qb6 31. Nd5 Bxd5 32. Rxd5 Re7 33. Bxe5 Rce8 34. c5 Qa5 35. f4 Re6 36. Qd2 Qa7 37. Kh2 Bh4 38. Rd1 Qxa3 39. Rd7 R6e7 40. Rxe7 Bxe7 41. Qd7 Rf8 42. Bd6 Bxd6 43. cxd6 Qb4 44. Rf1 Nxd6 45. Rf3 Nf5 46. Qc7 Nd4 47. Rd3 Ne2 48. Rd7 Qe1 49. Rd1 Qg3+ 50. Kh1 Nxf4 51. Qxb7 Nd3 52. Rxd3 Qxd3 53. a4 Qf1+ 54. Kh2 Qf4+ 55. Kh1 Re8 56. Bd5 0-1

[Event "Western Asian Girls Chess-ch 2023"]
[Site "Colombo"]
[Date "2023.12.05"]
[Round "9.5"]
[White "Ahmed, Walijah"]
[Black "Rathnayake, R M Dulinma Hemalni"]
[Result "1-0"]
[ECO "B43"]
[WhiteElo "1858"]
[BlackElo "1532"]
[Annotator "NA RC"]
[PlyCount "121"]
[EventDate "2023.11.30"]
[EventCountry "SRI"]
[SourceTitle "playchess.com"]
[Source "ChessBase"]
[SourceQuality "1"]
[TimeControl "5400+30"]

1. e4 c5 2. Nf3 e6 3. d4 cxd4 4. Nxd4 a6 5. Bd3 Nf6 6. Nc3 Qc7 7. O-O b5 8. a3 Nc6 9. Nb3 Be7 10. Be3 O-O 11. f4 d6 12. Kh1 Rd8 13. Qe1 d5 14. exd5 exd5 15. Nd4 Bd6 16. Qh4 Re8 17. Rae1 Ne7 18. f5 Nc6 19. Nxc6 Qxc6 20. Bd4 Be7 21. Qg5 Bb7 22. Re3 h6 23. Qg3 Bc5 24. Rxe8+ Rxe8 25. Ne2 Bd6 26. Qf3 Be5 27. c3 Qd6 28. Bxe5 Qxe5 29. Qf4 Qxf4 30. Rxf4 Re3 31. Rd4 Ne4 32. Kg1 Nc5 33. Nf4 Re5 34. Bc2 Ne4 35. g4 Kf8 36. Bxe4 Rxe4 37. Rxe4 dxe4 38. Kf2 Ke7 39. Ke3 Kf6 40. h4 Ke5 41. Ne2 g6 42. fxg6 fxg6 43. Nf4 g5 44. hxg5 hxg5 45. Nh3 Kf6 46. Kd4 Bc8 47. Nf2 Ke6 48. Nxe4 Ke7 49. Kc5 Bxg4 50. Nxg5 Kf6 51. Ne4+ Ke5 52. Nd6 Be6 53. Nb7 Ke4 54. Kb6 Bc4 55. Nd6+ Kd3 56. Nxc4 bxc4 57. Kxa6 Kc2 58. Kb5 Kxb2 59. Kxc4 Kxa3 60. Kb5 Kb3 61. c4 1-0

[Event "Western Asian Girls Chess-ch 2023"]
[Site "Colombo"]
[Date "2023.12.05"]
[Round "9.6"]
[White "Pallie, Ehsha Mishela"]
[Black "Sagar Siya"]
[Result "1-0"]
[ECO "C99"]
[WhiteElo "1569"]
[BlackElo "1537"]
[Annotator "NA RC"]
[PlyCount "99"]
[EventDate "2023.11.30"]
[EventCountry "SRI"]
[SourceTitle "playchess.com"]
[Source "ChessBase"]
[SourceQuality "1"]
[TimeControl "5400+30"]

1. e4 e5 2. Nf3 Nc6 3. Bb5 a6 4. Ba4 Nf6 5. O-O Be7 6. Re1 b5 7. Bb3 d6 8. c3 O-O 9. h3 Na5 10. Bc2 c5 11. d4 Qc7 12. Nbd2 cxd4 13. cxd4 Rd8 14. Nf1 exd4 15. Nxd4 d5 16. e5 Ne4 17. Bf4 Bc5 18. Ne3 Qb6 19. Nb3 Nxb3 20. Bxb3 Be6 21. Qf3 Nd2 22. Qg3 Nxb3 23. axb3 d4 24. Nf1 d3 25. Nd2 Bf5 26. Bg5 Rd7 27. Qf3 Bxf2+ 28. Qxf2 Qg6 29. Bf4 Rc8 30. Rac1 Rc2 31. Rxc2 dxc2 32. Kh2 Qc6 33. Qf3 Qxf3 34. gxf3 a5 35. Rc1 Bd3 36. Ne4 Rd8 37. Nf2 Bf5 38. Ne4 Be6 39. Rxc2 Bxb3 40. Rc5 Bc4 41. Nd6 Be2 42. Kg3 Rb8 43. Nxf7 a4 44. e6 Ra8 45. Nd6 b4 46. e7 a3 47. bxa3 b3 48. Be5 Rb8 49. e8=Q+ Rxe8 50. Nxe8 1-0

[Event "Western Asian Girls Chess-ch 2023"]
[Site "Colombo"]
[Date "2023.12.05"]
[Round "9.7"]
[White "Perera, B Yenuthi Sahanlee"]
[Black "Agajanova, Meryem"]
[Result "1/2-1/2"]
[ECO "E05"]
[WhiteElo "1296"]
[BlackElo "1854"]
[Annotator "NA RC"]
[PlyCount "64"]
[EventDate "2023.11.30"]
[EventCountry "SRI"]
[SourceTitle "playchess.com"]
[Source "ChessBase"]
[SourceQuality "1"]
[TimeControl "5400+30"]

1. d4 d5 2. Nf3 Nf6 3. g3 e6 4. Bg2 Be7 5. O-O O-O 6. c4 dxc4 7. Ne5 Nc6 8. Bxc6 bxc6 9. Nxc6 Qe8 10. Nxe7+ Qxe7 11. Qa4 c5 12. Qxc4 cxd4 13. Qxd4 Rd8 14. Qh4 h6 15. Nc3 Bb7 16. Be3 a6 17. Na4 Rac8 18. Rac1 Rxc1 19. Rxc1 Qc7 20. f3 Qe5 21. Kf2 Rd5 22. Nb6 Rb5 23. a4 Rb3 24. Nc4 Qh5 25. Qxh5 Nxh5 26. Bd4 Rb4 27. b3 Rxb3 28. Na5 Rb4 29. Bc5 Rb2 30. Bd4 Rb4 31. Bc5 Rb2 32. Bd4 Rb4 1/2-1/2

[Event "Western Asian Girls Chess-ch 2023"]
[Site "Colombo"]
[Date "2023.12.05"]
[Round "9.8"]
[White "Gamage, Desandhi Dhihansa"]
[Black "Gunasekara, K P K Hesara"]
[Result "1-0"]
[ECO "B43"]
[WhiteElo "1608"]
[BlackElo "1352"]
[Annotator "NA RC"]
[PlyCount "89"]
[EventDate "2023.11.30"]
[EventCountry "SRI"]
[SourceTitle "playchess.com"]
[Source "ChessBase"]
[SourceQuality "1"]
[TimeControl "5400+30"]

1. e4 c5 2. Nc3 e6 3. Nf3 a6 4. g3 b5 5. Bg2 Bb7 6. d4 cxd4 7. Nxd4 Nf6 8. a3 Be7 9. O-O d5 10. exd5 Nxd5 11. Nf5 Nxc3 12. Nxg7+ Kf8 13. Nxe6+ fxe6 14. Bh6+ Ke8 15. Qh5+ Kd7 16. Bxb7 Nd5 17. Bxa8 Nc6 18. Bxc6+ Kxc6 19. Qe5 Qc8 20. Rfe1 Bd6 21. Qxe6 Qxe6 22. Rxe6 Kd7 23. Re2 Nb6 24. Rd1 Kc7 25. Re6 Nc8 26. Rde1 Rg8 27. Rf6 Rd8 28. Rf7+ Rd7 29. Rxd7+ Kxd7 30. f4 Ne7 31. Bf8 Ke8 32. Bxe7 Bxe7 33. Rxe7+ Kxe7 34. Kf2 Kf6 35. g4 Kg6 36. b3 Kf6 37. Ke3 Ke6 38. c4 bxc4 39. bxc4 Kd6 40. Kd4 Ke6 41. c5 a5 42. f5+ Ke7 43. Kd5 Kd7 44. f6 Ke8 45. Ke6 1-0